 Dungeon Crawl Stone Soup version 0.17.0-57-g0e89251 (webtiles) character file.

860 lucasterio the Chopper (level 7, -2/62 HPs)
             Began as a Pale Draconian Berserker on Dec 8, 2015.
             Was a Priest of Trog.
             Slain by Blork the orc
             ... wielding a +0 flail
              (9 damage)
             ... on level 5 of the Dungeon.
             The game lasted 00:14:03 (5781 turns).

lucasterio the Chopper (Pale Draconian Berserker)   Turns: 5781, Time: 00:14:04

Health: -2/62      AC:  6    Str: 22    XL:     7   Next: 71%
Magic:  7/7        EV: 13    Int:  7    God:    Trog [***...]
Gold:   242        SH:  0    Dex: 10    Spells: 0 memorised, 6 levels left

rFire  . . .     SeeInvis .     a - +0 hand axe
rCold  . . .     Clarity  .     (armour unavailable)
rNeg   . . .     SustAt   .     (no shield)
rPois  .         Gourm    .     (helmet restricted)
rElec  .         Spirit   .     (no cloak)
rCorr  .         Warding  .     (no gloves)
rMut   .         Stasis   .     (no boots)
MR     .....                    (no amulet)
Stlth  +.........               (no ring)
                                (no ring)

@: not resistant to hostile enchantments, very unstealthy
A: breathe steam, unfitting armour, cold-blooded, AC +6
a: Breathe Steam, Berserk, Trog's Hand, Burn Spellbooks, Renounce Religion


You were on level 5 of the Dungeon.
You worshipped Trog.
Trog was most pleased with you.
You were not hungry.

You visited 1 branch of the dungeon, and saw 5 of its levels.

You collected 242 gold pieces.

Inventory:

Hand Weapons
 a - a +0 hand axe (weapon)
 p - a cursed -2 mace
Missiles
 k - 36 arrows
Jewellery
 q - a cursed ring of loudness {unknown}
 s - a cursed -2 ring of evasion {unknown}
Wands
 f - a wand of invisibility (3)
Scrolls
 d - 3 scrolls of identify {unknown}
 g - 3 scrolls of teleportation {unknown}
 i - a scroll of immolation {unknown}
 j - 3 scrolls of remove curse {unknown}
 m - 2 scrolls of fog {unknown}
 o - 2 scrolls of noise {unknown}
 t - a scroll of amnesia {unknown}
 x - a scroll of magic mapping {unknown}
 y - a scroll of recharging {unknown}
Potions
 e - a potion of haste
 h - 2 potions of might {unknown}
 l - 2 potions of brilliance {unknown}
 n - 2 potions of curing {unknown}
 r - 2 potions of heal wounds {unknown}
 v - a potion of poison {unknown}
Comestibles
 b - 2 bread rations
 c - 5 beef jerkies
 u - 3 chunks of flesh
 w - a royal jelly


   Skills:
 + Level 5.9 Fighting
 * Level 6.9 Axes
 + Level 4.5 Dodging


You had 6 spell levels left.
You didn't know any spells.

Dungeon Overview and Level Annotations

Branches:
Dungeon (5/15)
 Temple: D:4-7

Altars:
Gozag
Okawaru

Annotations:
D:5 Blork the orc


Innate Abilities, Weirdness & Mutations

You can breathe blasts of scalding, opaque steam.
Your pale cyan-grey scales are hard (AC +6).
Your body does not fit into most forms of armour.
You are cold-blooded and may be slowed by cold attacks.


Message History

You tail-slap Blork the orc, but do no damage.
Blork the orc is heavily wounded.
Blork the orc completely misses you.
You slash Blork the orc!
You tail-slap Blork the orc, but do no damage.
Blork the orc is severely wounded.
The phantom blinks!
Blork the orc closely misses you.
You hit Blork the orc.
Blork the orc is almost dead.
Blork the orc points at you and mumbles some strange words.
The puff of flame hits you!
* * * LOW HITPOINT WARNING * * *
You are too injured to fight recklessly!
You are too injured to fight recklessly!
You are too injured to fight recklessly!
You hit Blork the orc but do no damage.
Blork the orc is almost dead.
Blork the orc gestures at you while chanting.
The puff of flame misses you. Blork the orc hits you with a flail!
You die...

#### ..... #.... ###
#.....#.. ....
#.....#.####### ...
...W..o........ ...
#......@...# ..
#####......# .#
#........#########.#
#..................#
#........########..#
#...###### #..# ####
#..# ######..#
#.......#


You could see a phantom and Blork the orc.

Vanquished Creatures
  Sigmund (D:3)
  A phantom (D:4)
  An ogre (D:4)
  The ghost of emiel the Chopper, a weakling DsWr (D:3)
  5 orc wizards (D:4)
  3 worker ants (D:4)
  Natasha (thrice) (D:3)
  2 iguanas (D:4)
  A hound skeleton (D:4)
  A shadow imp (D:5)
  8 adders
  3 worms
  3 giant geckos
  10 orcs
  5 giant cockroaches
  6 hobgoblins
  9 jackals
  3 quokkas (D:4)
  2 ball pythons
  12 bats
  3 giant newts
  6 goblins
  7 kobolds
  A quokka skeleton (D:4)
  9 rats
106 creatures vanquished.

Notes
Turn   | Place    | Note
--------------------------------------------------------------
     0 | D:1      | lucasterio the Draconian Berserker began the quest for the Orb.
     0 | D:1      | Reached XP level 1. HP: 19/19 MP: 1/1
   158 | D:1      | Reached XP level 2. HP: 13/26 MP: 2/2
  1467 | D:2      | Reached XP level 3. HP: 28/33 MP: 3/3
  1610 | D:2      | Found an iron altar of Okawaru.
  1665 | D:2      | Reached ** piety under Trog
  1881 | D:2      | Reached skill level 4 in Fighting
  2149 | D:2      | Reached XP level 4. HP: 37/40 MP: 4/4
  2288 | D:3      | Noticed Natasha
  2299 | D:3      | Killed Natasha
  2583 | D:3      | Noticed Natasha
  2593 | D:3      | Killed Natasha
  2990 | D:3      | Noticed Natasha
  3002 | D:3      | Killed Natasha
  3354 | D:3      | Reached XP level 5. HP: 20/47 MP: 5/5
  3520 | D:3      | Noticed Sigmund
  3530 | D:3      | Killed Sigmund
  3530 | D:3      | Reached skill level 5 in Axes
  3530 | D:3      | Reached XP level 6. HP: 51/55 MP: 6/6
  3773 | D:3      | Reached *** piety under Trog
  4016 | D:3      | Noticed emiel's ghost (weakling DsWr)
  4039 | D:3      | Killed emiel's ghost
  4238 | D:4      | Reached skill level 5 in Fighting
  4267 | D:4      | Reached skill level 6 in Axes
  4729 | D:4      | Your scales start taking on a pale cyan-grey colour.
  4729 | D:4      | Reached XP level 7. HP: 57/61 MP: 7/7
  4849 | D:4      | Found an opulent altar of Gozag.
  5343 | D:4      | Received a gift from Trog
  5712 | D:5      | Entered Level 5 of the Dungeon
  5762 | D:5      | Noticed Blork the orc
  5781 | D:5      | Slain by Blork the orc

Action                   |  1- 3 |  4- 6 |  7- 9 || total
-------------------------+-------+-------+-------++-------
Melee: Hand axe          |   160 |   183 |   100 ||   443
Invok: Berserk           |       |     2 |     1 ||     3
       Trog's Hand       |       |     1 |       ||     1
 Abil: Breathe Steam     |       |       |     1 ||     1
 Stab: Sleeping          |     1 |       |     1 ||     2
  Eat: Chunk             |     4 |     9 |     6 ||    19
